 Dungeon Crawl Stone Soup version 0.19-a0-1193-g2641e52 (webtiles) character file.

80 Gorfmaster the Cudgeler (level 4, 0/28 HPs)
             Began as a Gargoyle Berserker on Aug 18, 2016.
             Was a Believer of Trog.
             Slain by a gnoll
             ... wielding a +0 halberd
              (2 damage)
             ... on level 3 of the Dungeon on Aug 19, 2016.
             The game lasted 00:09:40 (1435 turns).

Gorfmaster the Cudgeler (Gargoyle Berserker)        Turns: 1435, Time: 00:09:41

Health: 0/28       AC:  9    Str: 21    XL:     4   Next: 39%
Magic:  4/4        EV: 10    Int:  8    God:    Trog [**....]
Gold:   152        SH:  0    Dex:  9    Spells: 0 memorised, 3 levels left

rFire  + . .     SeeInvis .     k - -2 mace (curse)
rCold  + . .     Gourm    .     f - -1 scale mail (curse)
rNeg   + . .     Faith    .     (no shield)
rPois  ∞         Spirit   .     (no helmet)
rElec  +         Dismiss  .     (no cloak)
rCorr  +         Reflect  .     (no gloves)
MR     .....     Harm     .     (no boots)
Stlth  ..........               (no amulet)
                                (no ring)
                                i - +5 ring of slaying

@: resistant
A: negative energy resistance 1, electricity resistance, unbreathing,
petrification resistance, rot immunity, AC +3
a: Berserk, Trog's Hand, Burn Spellbooks, Renounce Religion


You were on level 3 of the Dungeon.
You worshipped Trog.
Trog was pleased with you.
You were not hungry.

You visited 1 branch of the dungeon, and saw 3 of its levels.

You collected 152 gold pieces.

Inventory:

Hand Weapons
 a - a +0 mace
 k - a cursed -2 mace (weapon)
Missiles
 n - a throwing net (quivered)
Armour
 b - a +0 animal skin
 d - a +0 ring mail
 f - a cursed -1 scale mail (worn)
 o - a +0 ring mail
Jewellery
 i - a +5 ring of slaying (left hand)
Scrolls
 h - a scroll of fog {unknown}
 j - a scroll of amnesia {unknown}
 l - a scroll of enchant weapon {unknown}
 m - 2 scrolls of recharging {unknown}
 r - a scroll of teleportation {unknown}
Comestibles
 c - 3 bread rations
 p - a chunk of flesh


   Skills:
 - Level 3.2 Fighting
 + Level 5.1 Maces & Flails
 - Level 2.1 Armour
 - Level 1.5 Dodging


You had 3 spell levels left.
You didn't know any spells.

Dungeon Overview and Level Annotations

Branches:
Dungeon (3/15)

Altars:
Ashenzari
Makhleb


Innate Abilities, Weirdness & Mutations

You are resistant to torment.
Your stone body is resilient. (AC +3)
You are immune to poison.
You resist negative energy. (rN+)
You are resistant to electric shocks. (rElec)
You can survive without breathing.
You are immune to petrification.
You are immune to rotting.


Message History

The gnoll is almost dead.
The gnoll barely misses you. The gnoll hits you with a flail!
* * * LOW HITPOINT WARNING * * *
You are too injured to fight recklessly!
You are too injured to fight recklessly!
It was a potion of curing.
You feel better.
You hit the gnoll but do no damage.
The gnoll is almost dead.
The gnoll hits you with a halberd.
* * * LOW HITPOINT WARNING * * *
The gnoll hits you with a flail.
* * * LOW HITPOINT WARNING * * *
It was a potion of resistance.
You feel protected. The gnoll hits you but does no damage.
The gnoll barely misses you.
You are too injured to fight recklessly!
As you read the scroll labeled DIJUOL JEIBUXA, it crumbles to dust.
Your nose twitches suddenly!
It was a scroll of random uselessness.
The gnoll hits you with a halberd.
You die...

#.....# # #.
##.#...###.#.
#..........#.####
#..#...###......
#.#_#..# #.#...###
#..#..## #.#.....#
#.....# #.##..#.# ###
#...######.##..#g##.....
...........(....@g......
............####.#......
..........#.# ....#....
#...#######.............
#...# #..##....#.# #
#...# #..##..#.# # #...#
#........# #...#
##.##.#.#.


You could see 2 gnolls.

Vanquished Creatures
  2 adders (D:2)
  A gnoll (D:3)
  An ooze (D:2)
  A dart slug (D:2)
  2 giant geckos
  13 bats
  A giant cockroach (D:2)
  4 goblins
  6 hobgoblins
  3 ball pythons (D:1)
  6 giant newts
  5 kobolds (D:1)
  4 rats (D:1)
49 creatures vanquished.

Notes
Turn   | Place    | Note
-------+----------+-------------------------------------------
     0 | D:1      | Gorfmaster the Gargoyle Berserker began the quest for the Orb.
     0 | D:1      | Reached XP level 1. HP: 14/14 MP: 1/1
   130 | D:1      | Reached XP level 2. HP: 18/19 MP: 2/2
   370 | D:1      | Reached skill level 4 in Maces & Flails
   375 | D:1      | Reached XP level 3. HP: 22/23 MP: 3/3
   430 | D:1      | Reached ** piety under Trog
   867 | D:2      | Found a burning altar of Makhleb.
  1005 | D:2      | Reached XP level 4. HP: 26/28 MP: 4/4
  1326 | D:2      | Found a shattered altar of Ashenzari.
  1370 | D:3      | Found a faded altar of an unknown god.
  1426 | D:3      | Reached skill level 5 in Maces & Flails
  1435 | D:3      | Slain by a gnoll

Vault maps used:
D:1:      lightli_arrival_statuegarden, minmay_splitting_lines
D:2:      marbit_many_paths, old_standard_altar, first_bread,
          kennysheep_generic_room_8
D:3:      good_gods_temple_1, nicolae_overflow_crystal_walls,
          amethyst_overflow_temple_binary, ecumenical_altar_1,
          lexackson_kobold_supper

Skill      XL: |  1  2  3  4 |
---------------+-------------+-----
Maces & Flails | 4 5 |  5.1
Fighting       | |  3.2
Armour         | |  2.1
Dodging        | |  1.5

Action                   |  1- 3 |  4- 6 || total
-------------------------+-------+-------++-------
Melee: Mace              |   103 |    45 ||   148
  Use: Potion            |       |     2 ||     2
       Scroll            |       |     1 ||     1
  Eat: Chunk             |       |     2 ||     2
Armor: Scale mail        |    63 |    24 ||    87
       Animal skin       |     1 |       ||     1
Dodge: Dodged            |    89 |    22 ||   111
